Map: [ESL] Dragon Scales

Players

DRG

  • Race: Zerg Zerg

herO - Winner!

  • Race: Protoss Protoss

Event: IEM Katowice 2023

VOD

Have the link to the VOD?

Description

Time

  • Played on: Feb. 9, 2023, 10:18 a.m.
  • Length: 9:30

All games in this series

Show
View Real Time Build Order
Export as new Build Order

DRG Zerg 

Build Orders: Hatch First 

Get SALT Encoding   

  12  0:00  Drone  
  13  0:11  Overlord  
  13  0:16  Drone  
  14  0:29  Drone  
  14  0:30  Drone  
  14  0:33  Drone  
  17  0:50  Drone  
  18  0:58  Hatchery  
  18  0:59  Drone  
  18  1:06  Extractor, Drone  
  18  1:17  Spawning Pool  
  17  1:21  Drone  
  18  1:27  Drone  
  19  1:38  Drone  
  20  1:48  Drone  
  21  2:01  Overlord  
  21  2:09  Metabolic Boost  
  21  2:10  Queen x2  
  21  2:11  Zergling x2  
  21  2:14  Zergling x2  
  27  2:20  Zergling x2  
  27  2:22  Drone  
  29  2:31  Drone  
  29  2:33  Drone  
  31  2:42  Drone  
  31  2:43  Drone  
  33  2:45  Hatchery  
  32  2:52  Queen  
  32  2:56  Overlord  
  34  3:00  Drone  
  34  3:04  Overlord  
  35  3:08  Drone  
  35  3:14  Queen  
  35  3:15  Drone  
  35  3:19  Drone  
  39  3:22  Drone x2  
  39  3:26  Drone x2  
  43  3:31  Queen  
  45  3:36  Zergling x4  
  47  3:44  Zergling x2  
  47  3:46  Spore Crawler  
  45  3:49  Drone  
  45  3:50  Queen  
  45  3:54  Drone  
  48  3:59  Drone x4  
  48  4:02  Drone  
  51  4:05  Drone  
  51  4:08  Drone  
  51  4:10  Drone  
  51  4:13  Drone x2  
  54  4:17  Spore Crawler  
  54  4:18  Drone  
  54  4:20  Spore Crawler  
  53  4:25  Drone x2  
  55  4:31  Drone x3  
  55  4:34  Overlord, Drone  
  55  4:36  Overlord  
  58  4:41  Overlord  
  58  4:42  Spore Crawler  
  57  4:45  Zergling x2  
  57  4:47  Overlord  
  58  4:53  Overlord, Extractor  
  58  4:54  Extractor  
  58  4:56  Drone  
  58  4:58  Roach Warren, Zergling x2  
  56  5:02  Drone  
  56  5:04  Drone  
  56  5:09  Drone x2  
  56  5:14  Drone  
  57  5:15  Drone x2  
  57  5:17  Drone  
  57  5:20  Drone x2  
  60  5:25  Spore Crawler  
  60  5:26  Spore Crawler  
  60  5:28  Drone  
  59  5:31  Drone  
  59  5:33  Drone  
  59  5:34  Drone x5  
  67  5:38  Drone x3  
  70  5:43  Lair  
  70  5:47  Zergling x6  
  74  5:50  Drone x2  
  74  5:52  Drone  
  74  5:54  Drone  
  78  5:57  Drone x3  
  78  6:00  Extractor x2, Drone  
  78  6:01  Extractor  
  78  6:03  Evolution Chamber  
  77  6:06  Drone x3  
  77  6:07  Drone  
  77  6:09  Drone x2  
  83  6:13  Drone  
  83  6:18  Drone x4  
  86  6:20  Overlord  
  88  6:27  Overlord  
  88  6:29  Zerg Missile Weapons Level 1  
  88  6:30  Zergling x2  
  88  6:31  Zergling x2  
  88  6:32  Overlord x2  
  90  6:33  Overlord  
  90  6:38  Overlord  
  90  6:40  Zergling x10  
  90  6:42  Glial Reconstitution  
  90  6:46  Overseer  
  95  6:48  Roach  
  95  6:49  Roach x2  
  100  6:55  Roach x3  
  100  6:58  Roach x3  
  112  7:02  Roach  
  112  7:05  Roach  
  112  7:06  Roach x3  
  117  7:11  Hatchery  
  117  7:12  Zergling x4  
  114  7:16  Ravager x6  
  114  7:18  Zergling x6  
  121  7:23  Zergling x4  
  122  7:32  Drone, Evolution Chamber  
  122  7:33  Baneling Nest  
  122  7:34  Zergling x14  
  128  7:39  Zergling x4  
  128  7:40  Overseer  
  128  7:42  Overlord x2  
  127  7:45  Overlord  
  127  7:49  Overlord x2  
  127  7:54  Overlord  
  127  7:56  Zergling x6  
  130  8:04  Zergling x14  
  130  8:05  Zergling x2  
  138  8:06  Ravager x8  
  138  8:11  Zergling x2  
  145  8:15  Roach x2  
  142  8:26  Drone x2  
  144  8:28  Roach x6  
  144  8:31  Overseer  
  144  8:32  Roach  
  144  8:33  Roach  
  147  8:40  Zergling x14  
  146  8:42  Overseer  
  146  8:44  Ravager x2  
  148  8:51  Spore Crawler  
  148  8:55  Zergling x12  
  148  8:56  Zergling x8  
  149  9:05  Roach x3  
Show
View Real Time Build Order
Export as new Build Order

herO Protoss - Winner!

Build Orders: 1 Gate Expand, Oracle Opening 

Get SALT Encoding   

  12  0:00  Probe  
  13  0:14  Pylon  
  13  0:17  Probe (Chrono Boost)  
  14  0:26  Probe (Chrono Boost)  
  15  0:31  Probe (Chrono Boost)  
  16  0:42  Gateway  
  16  0:43  Probe  
  16  0:47  Assimilator  
  17  0:55  Probe  
  18  1:07  Probe  
  19  1:20  Probe  
  20  1:28  Nexus  
  20  1:35  Cybernetics Core  
  20  1:37  Probe  
  21  1:45  Assimilator  
  21  1:50  Probe  
  22  1:54  Pylon  
  22  2:02  Probe  
  23  2:09  Adept (Chrono Boost)  
  23  2:14  Probe  
  26  2:17  Stargate  
  26  2:26  Probe, Warp Gate  
  27  2:32  Adept  
  29  2:40  Probe (Chrono Boost)  
  29  2:43  Probe (Chrono Boost)  
  31  2:50  Probe (Chrono Boost)  
  33  2:52  Probe (Chrono Boost)  
  33  2:55  Probe (Chrono Boost)  
  33  2:57  Oracle (Chrono Boost)  
  34  3:05  Probe  
  38  3:07  Probe, Adept  
  38  3:11  Pylon  
  41  3:17  Probe  
  41  3:19  Probe  
  43  3:25  Gateway  
  43  3:27  Oracle (Chrono Boost)  
  43  3:32  Probe  
  43  3:33  Probe  
  48  3:53  Nexus  
  48  3:55  Pylon, Probe x2  
  49  3:57  Oracle (Chrono Boost)  
  53  4:07  Probe  
  53  4:08  Probe  
  51  4:10  Assimilator  
  51  4:11  Assimilator  
  51  4:15  Adept  
  53  4:19  Forge  
  53  4:22  Probe x2  
  55  4:25  Adept  
  57  4:32  Twilight Council  
  57  4:34  Probe x2  
  59  4:44  Gateway  
  59  4:45  Gateway  
  59  4:46  Pylon  
  59  4:49  Stalker  
  61  4:53  Protoss Ground Weapons Level 1 (Chrono Boost)  
  61  4:55  Probe  
  62  5:04  Probe  
  62  5:06  Blink (Chrono Boost)  
  63  5:09  Probe  
  62  5:16  Probe (Chrono Boost)  
  62  5:20  Stalker x2  
  67  5:23  Probe (Chrono Boost)  
  67  5:26  Shield Battery  
  67  5:28  Probe x2 (Chrono Boost)  
  70  5:33  Probe (Chrono Boost)  
  70  5:35  Probe (Chrono Boost)  
  71  5:36  Probe (Chrono Boost)  
  71  5:38  Gateway, Probe (Chrono Boost)  
  72  5:46  Gateway  
  72  5:47  Gateway  
  72  5:48  Gateway, Probe x2  
  74  5:50  Probe  
  74  5:55  Stalker  
  77  5:57  Pylon  
  77  5:59  Stalker  
  79  6:05  Probe x3  
  79  6:11  Stalker  
  84  6:14  Pylon  
  84  6:16  Pylon  
  84  6:18  Pylon  
  84  6:20  Gateway  
  84  6:22  Pylon  
  84  6:33  Stalker x4  
  84  6:35  Stalker  
  94  6:47  Charge (Chrono Boost)  
  94  6:49  Protoss Ground Weapons Level 2 (Chrono Boost)  
  94  6:52  Nexus  
  94  6:54  Pylon  
  94  7:12  Stalker x8  
  94  7:14  Probe  
  94  7:15  Probe  
  112  7:16  Probe  
  113  7:29  Probe x3  
  116  7:33  Photon Cannon  
  116  7:35  Shield Battery  
  116  7:36  Pylon  
  116  7:40  Oracle (Chrono Boost)  
  119  7:49  Stalker x7  
  133  7:52  Photon Cannon  
  133  7:55  Pylon  
  133  7:58  Pylon  
  133  8:12  Oracle  
  134  8:23  Stalker x7  
  134  8:24  Zealot x2  
  140  8:45  Gateway  
  140  8:47  Gateway  
  140  8:48  Zealot x9  
  142  8:53  Pylon  
  158  8:57  Pylon  
  158  9:08  Zealot x8  
  166  9:12  Zealot  

Tags
 
Add a new tag
Caveats
  • Supply blocks, unpowered buildings, or Contaminate may cause inaccurate times.
  • Supply counts are checked every 10 seconds.